 Dungeon Crawl Stone Soup version 0.22-a0-348-gd16d139 (webtiles) character file.

5 grindst0ne the Charlatan (level 1, 0/18 HPs)
             Began as a Deep Dwarf Artificer on Apr 9, 2018.
             Slain by an adder (1 damage)
             ... on level 2 of the Dungeon.
             The game lasted 00:01:06 (592 turns).

grindst0ne the Charlatan (Deep Dwarf Artificer)      Turns: 592, Time: 00:01:06

Health: 0/18       AC:  5    Str: 15    XL:     1   Next: 66%
Magic:  3/3        EV: 11    Int: 11    God:
Gold:   22         SH:  0    Dex: 13    Spells: 0/0 levels left

rFire    . . .     SeeInvis .   h - +0 mace
rCold    . . .     Gourm    .   (no shield)
rNeg     . . .     Faith    .   q - +0 ring mail {rPois}
rPois    +         Spirit   .   (no helmet)
rElec    .         Reflect  .   (no cloak)
rCorr    .         Harm     .   (no gloves)
MR       +....                  (no boots)
Stlth    +.........             (no amulet)
HPRegen  0.00/turn              i - ring of protection from magic
MPRegen  0.08/turn              (no ring)

@: non-regenerating
A: damage resistance, heal wounds, sense surroundings 1, no regeneration
a: Heal Wounds


You were on level 2 of the Dungeon.
You were not hungry.

You visited 1 branch of the dungeon, and saw 2 of its levels.

You collected 22 gold pieces.

Inventory:

Hand Weapons
 a - a +0 short sword
 h - a +0 mace (weapon)
Armour
 b - a +0 leather armour
 n - a +0 ring mail
 q - a +0 ring mail of poison resistance (worn)
Jewellery
 i - a ring of protection from magic (left hand)
 o - an uncursed ring of fire {unknown}
Wands
 c - a wand of flame (15)
 d - a wand of enslavement (15)
 e - a wand of random effects (15)
Scrolls
 j - 2 scrolls of identify {unknown}
 m - 3 scrolls of teleportation {unknown}
 p - a scroll of blinking {unknown}
Potions
 g - 5 potions of curing {unknown}
 k - a potion of cancellation {unknown}
 l - a potion of might {unknown}
Comestibles
 f - 2 rations


   Skills:
 + Level 1.1 Fighting
 - Level 0.8 Short Blades
 + Level 0.4 Armour
 + Level 2.3 Dodging
 - Level 1.2 Stealth
 + Level 4.1 Evocations


You couldn't memorise any spells.
You didn't know any spells.

Dungeon Overview and Level Annotations

Branches:
Dungeon (2/15)

Altars:


Innate Abilities, Weirdness & Mutations

You are resistant to damage.
You can heal yourself by infusing magical energy.
You passively map a small area around you.
You do not regenerate.


Message History

* * * LOW HITPOINT WARNING * * *
You miss the adder.
The adder is moderately wounded.
The adder barely misses you. The adder bites you but does no damage.
You closely miss the adder.
The adder is moderately wounded.
The adder barely misses you. x2
You barely miss the adder.
The adder is lightly wounded.
The adder bites you.
* * * LOW HITPOINT WARNING * * *
The adder bites you.
* * * LOW HITPOINT WARNING * * *
You hit the adder but do no damage.
The adder is lightly wounded.
The adder barely misses you.
You hit the adder.
The adder is moderately wounded.
The adder barely misses you. The adder bites you.
You die...

######## #########
#......###(.......
#....@.(.)<####...
*
#.....S###......#
* * #......#
#.####... *
.....#.###*..#
.....#< * .##
....,##, #. , ...
#. * ... .. ,


You could see an adder.

Vanquished Creatures
  A ball python (D:1)
  2 kobolds (D:2)
  2 rats (D:1)
5 creatures vanquished.

Notes
Turn   | Place    | Note
-------+----------+-------------------------------------------
     0 | D:1      | grindst0ne the Deep Dwarf Artificer began the quest for the Orb.
     0 | D:1      | Reached XP level 1. HP: 16/16 MP: 3/3
   444 | D:1      | Reached skill level 1 in Fighting
   592 | D:2      | Slain by an adder

Vault maps used:
D:1:      dpeg_arrival_arbitrary_c, nrook_mini_vaults
D:2:      minmay_wonky_spiral, first_ration, kennysheep_generic_room_3

Skill      XL: |  1 |
---------------+----+-----
Fighting       | 1 |  1.1
Short Blades   | |  0.8
Armour         | |  0.4
Dodging        | |  2.3
Stealth        | |  1.2
Evocations     | |  4.1

Action                   || total
-------------------------++-------
Melee: Mace              ||    35
Armor: Ring mail         ||    21
Dodge: Dodged            ||    42

Table legend:
 A = Spawn XP
 B = Non-spawn XP
 C = Spawn XP percentage of total XP
 D = Spawn monster count
 E = Non-spawn monster count
 F = Spawn count percentage of total count
 G = Total turns spent on level
                    A         B        C        D         E        F      G
               +---------+---------+-------+---------+---------+-------+---------
         Total |       0 |       8 |   0.0 |       0 |       5 |   0.0 |   592
               +---------+---------+-------+---------+---------+-------+---------
           D:1 |       0 |       4 |   0.0 |       0 |       3 |   0.0 |   560
           D:2 |       0 |       4 |   0.0 |       0 |       2 |   0.0 |    32
               +---------+---------+-------+---------+---------+-------+---------
